BSA
NEW YORK KNIGHTS @ SAN FRANCISCO BANDITS
04/24/2029
 
TOP OF THE 1ST
New York Knights batting - Pitching for San Francisco Bandits : RHP Francisco Arellano
Pitching: RHP Francisco Arellano
Batting: LHB Warren Potter 0-0: Ball
1-0: Ball
2-0: Swinging Strike
2-1: Called Strike
2-2: Strikes out swinging
Batting: RHB Pepe Carrasco 0-0: SINGLE (Flyball, 78S)
Batting: RHB Vic Langlois 0-0: Called Strike
0-1: Ball
1-1: Swinging Strike
1-2: Ball
2-2: Strikes out swinging
Batting: RHB Lonnie Anderson 0-0: Called Strike
0-1: Foul Ball, location: 2F
0-2: Ball
Balk!
Pepe Carrasco to second
1-2: Ball
2-2: Ball
3-2: Base on Balls
Batting: SHB Marvin Harris 0-0: Ball
1-0: Ball
2-0: Ball
3-0: Fielders Choice at 2nd, 6-4 (Groundball, 6)
Top of the 1st over - 0 runs, 1 hit, 0 errors, 2 left on base; New York 0 - San Francisco 0
BOTTOM OF THE 1ST
San Francisco Bandits batting - Pitching for New York Knights : LHP Phil Davis
Pitching: LHP Phil Davis
Batting: RHB José Hernández 0-0: Swinging Strike
0-1: Ball
1-1: Ball
2-1: Foul Ball, location: 2F
2-2: Fly out, F5 (Line Drive, 5)
Batting: RHB Scott Merritt 0-0: Ball
1-0: Ball
2-0: Reached on error, E7 (Line Drive, 7D)
Batting: RHB Owen Carter 0-0: Ball
1-0: Swinging Strike
1-1: Swinging Strike
1-2: Ball
2-2: Fly out, F8 (Flyball, 8RXD)
Runner from 2nd tags up, SAFE at 3rd, no throw
Batting: RHB Michael Elliott 0-0: Ball
1-0: SINGLE (Line Drive, 34)
Scott Merritt scores
Batting: LHB Chris Austin 0-0: Called Strike
0-1: Foul Ball, location: 2F
0-2: Ball
1-2: Fielders Choice at 2nd, 6-4 (Groundball, 6)
Bottom of the 1st over - 1 run, 1 hit, 1 error, 1 left on base; New York 0 - San Francisco 1
TOP OF THE 2ND
New York Knights batting - Pitching for San Francisco Bandits : RHP Francisco Arellano
Batting: RHB Felipe Rodríguez 0-0: Ball
1-0: Ball
2-0: Ball
3-0: Base on Balls
Batting: RHB Steve Sampson 0-0: Ball
1-0: Ball
2-0: Ball
3-0: Called Strike
3-1: Foul Ball, location: 2F
3-2: Foul Ball, location: 2F
3-2: SINGLE (Line Drive, 89S)
Felipe Rodríguez to second
Batting: LHB Marcos Pérez 0-0: Swinging Strike
0-1: Called Strike
0-2: Strikes out swinging
Batting: RHB Jacob Pope 0-0: SINGLE (Flyball, 89S)
Felipe Rodríguez to third
Steve Sampson to second
Batting: LHB Warren Potter 0-0: Ball
1-0: Ball
2-0: Ball
3-0: Called Strike
3-1: Foul Ball, location: 2F
3-2: Foul Ball, location: 2F
3-2: Strikes out swinging
Batting: RHB Pepe Carrasco 0-0: Ball
1-0: Ball
2-0: Foul Ball, location: 2F
2-1: DOUBLE (Flyball, 78D)
Felipe Rodríguez scores
Steve Sampson scores
Jacob Pope to third
Runner from 3rd tries for Home, SAFE, no throw
Batting: RHB Vic Langlois 0-0: Called Strike
0-1: Swinging Strike
0-2: Ball
1-2: Ball
2-2: Ball
3-2: Base on Balls
Batting: RHB Lonnie Anderson 0-0: Ball
1-0: Called Strike
1-1: Ball
2-1: Ball
3-1: Base on Balls
Pepe Carrasco to third
Vic Langlois to second
Batting: SHB Marvin Harris 0-0: Swinging Strike
0-1: Swinging Strike
0-2: Ball
1-2: Ball
2-2: Ball
3-2: Strikes out swinging
Top of the 2nd over - 3 runs, 3 hits, 0 errors, 3 left on base; New York 3 - San Francisco 1
BOTTOM OF THE 2ND
San Francisco Bandits batting - Pitching for New York Knights : LHP Phil Davis
Batting: RHB Javier Ramírez 0-0: Ball
1-0: Ball
2-0: Ball
3-0: Called Strike
3-1: Base on Balls
Batting: LHB Anacleto Morillo 0-0: Ball
1-0: Ball
2-0: Called Strike
2-1: Foul Ball, location: 2F
2-2: Foul Ball, location: 2F
2-2: DOUBLE (Flyball, 78D)
Javier Ramírez to third
Batting: LHB Alan McGilroy 0-0: Ground out 6-3 (Groundball, 6M)
Javier Ramírez scores
Anacleto Morillo to third
Batting: RHB Naomichi Aoki 0-0: Ball
1-0: SINGLE (Groundball, 56D)
Anacleto Morillo scores
Batting: RHB José Hernández 0-0: Called Strike
0-1: Swinging Strike
0-2: Foul Ball, location: 2F
0-2: Strikes out looking
Batting: RHB Scott Merritt 0-0: Ball
1-0: Ball
2-0: Ground out 4-3 (Groundball, 4S)
Bottom of the 2nd over - 2 runs, 2 hits, 0 errors, 1 left on base; New York 3 - San Francisco 3
TOP OF THE 3RD
New York Knights batting - Pitching for San Francisco Bandits : RHP Francisco Arellano
Batting: RHB Felipe Rodríguez 0-0: Ball
1-0: Fly out, F7 (Flyball, 7LSF)
Batting: RHB Steve Sampson 0-0: Fly out, F4 (Line Drive, 4)
Batting: LHB Marcos Pérez 0-0: Called Strike
0-1: Ball
1-1: Foul Ball, location: 2F
1-2: Foul Ball, location: 2F
1-2: SOLO HOME RUN (Line Drive, 7D), Distance : 370 ft
Batting: RHB Jacob Pope 0-0: Foul Ball, location: 2F
0-1: Ball
1-1: Fly out, F8 (Flyball, 8RD)
Top of the 3rd over - 1 run, 1 hit, 0 errors, 0 left on base; New York 4 - San Francisco 3
BOTTOM OF THE 3RD
San Francisco Bandits batting - Pitching for New York Knights : LHP Phil Davis
Batting: RHB Owen Carter 0-0: Called Strike
0-1: Ball
1-1: Ground out 4-3 (Groundball, 4MS)
Batting: RHB Michael Elliott 0-0: Called Strike
0-1: Called Strike
0-2: Foul Ball, location: 2F
0-2: Ball
1-2: Foul Ball, location: 2F
1-2: Strikes out swinging
Batting: LHB Chris Austin 0-0: Ball
1-0: Ball
2-0: Called Strike
2-1: Ground out 6-3 (Groundball, 6)
Bottom of the 3rd over - 0 runs, 0 hits, 0 errors, 0 left on base; New York 4 - San Francisco 3
TOP OF THE 4TH
New York Knights batting - Pitching for San Francisco Bandits : RHP Francisco Arellano
Batting: LHB Warren Potter 0-0: Ball
1-0: Reached on error, E6 (Groundball, 6S)
Batting: RHB Pepe Carrasco 0-0: Called Strike
0-1: Ball
1-1: Fielders Choice at 2nd, 6-4 (Groundball, 6)
Batting: RHB Vic Langlois 0-0: Swinging Strike
0-1: Called Strike
0-2: Strikes out swinging
Batting: RHB Lonnie Anderson 0-0: Called Strike
0-1: 2-RUN HOME RUN (Flyball, 78XD), Distance : 376 ft
Batting: SHB Marvin Harris 0-0: Ball
1-0: Fly out, F7 (Flyball, 78XD)
Top of the 4th over - 2 runs, 1 hit, 1 error, 0 left on base; New York 6 - San Francisco 3
BOTTOM OF THE 4TH
San Francisco Bandits batting - Pitching for New York Knights : LHP Phil Davis
Batting: RHB Javier Ramírez 0-0: Called Strike
0-1: Fly out, F9 (Flyball, 9D)
Batting: LHB Anacleto Morillo 0-0: Called Strike
0-1: Ball
1-1: Fly out, F9 (Flyball, 89M)
Batting: LHB Alan McGilroy 0-0: Ball
1-0: Ground out 6-3 (Groundball, 6S)
Bottom of the 4th over - 0 runs, 0 hits, 0 errors, 0 left on base; New York 6 - San Francisco 3
TOP OF THE 5TH
New York Knights batting - Pitching for San Francisco Bandits : RHP Francisco Arellano
Pitching: RHP Alfonso Martínez
Batting: RHB Felipe Rodríguez 0-0: Ball
1-0: Foul Ball, location: 2F
1-1: DOUBLE (Line Drive, 7LM)
Batting: RHB Steve Sampson 0-0: Called Strike
0-1: Swinging Strike
0-2: Foul Ball, location: 2F
0-2: Ball
1-2: Foul Ball, location: 2F
1-2: SINGLE (Line Drive, 8LS)
Felipe Rodríguez to third
Batting: LHB Marcos Pérez 0-0: Ball
1-0: Called Strike
1-1: Ball
2-1: Foul Ball, location: 2F
2-2: Ball
3-2: SINGLE (Groundball, 34D)
Felipe Rodríguez scores
Steve Sampson to second
Runner from 2nd tries for 3rd, OUT!
Batting: RHB Jacob Pope 0-0: Foul Ball, location: 2F
0-1: SINGLE (Flyball, 89S)
Marcos Pérez to second
Runner from 2nd tries for 3rd, OUT!
Batting: LHB Warren Potter 0-0: Ball
1-0: Called Strike
1-1: Called Strike
1-2: Fielders Choice at 2nd, 6-4 (Groundball, 6)
Top of the 5th over - 1 run, 4 hits, 0 errors, 1 left on base; New York 7 - San Francisco 3
BOTTOM OF THE 5TH
San Francisco Bandits batting - Pitching for New York Knights : LHP Phil Davis
Batting: RHB Naomichi Aoki 0-0: Called Strike
0-1: Ball
1-1: Foul Ball, location: 2F
1-2: Ball
2-2: Ball
3-2: Foul Ball, location: 2F
3-2: Base on Balls
Batting: RHB José Hernández 0-0: Ball
Wild Pitch!
Naomichi Aoki to second
1-0: Foul Ball, location: 2F
1-1: Ball
2-1: Foul Ball, location: 2F
2-2: Foul Ball, location: 2F
2-2: Foul Ball, location: 2F
2-2: Foul Ball, location: 2F
2-2: Fly out, F3 (Popup, 3F)
Batting: RHB Scott Merritt 0-0: Foul Ball, location: 2F
0-1: Foul Ball, location: 2F
0-2: SINGLE (Groundball, 6MD)
Naomichi Aoki to third
Runner from 3rd tries for Home, SAFE, no throw
Batting: RHB Owen Carter 0-0: Called Strike
0-1: Swinging Strike
0-2: Strikes out looking
Batting: RHB Michael Elliott 0-0: Ground out 5-3 (Groundball, 56S)
Bottom of the 5th over - 1 run, 1 hit, 0 errors, 1 left on base; New York 7 - San Francisco 4
TOP OF THE 6TH
New York Knights batting - Pitching for San Francisco Bandits : RHP Alfonso Martínez
Batting: RHB Pepe Carrasco 0-0: Ball
1-0: Swinging Strike
1-1: Ball
2-1: Foul Ball, location: 2F
2-2: Ball
3-2: Strikes out swinging
Batting: RHB Vic Langlois 0-0: Foul Ball, location: 2F
0-1: Swinging Strike
0-2: Ball
1-2: Foul Ball, location: 2F
1-2: Fly out, F8 (Flyball, 8LM)
Batting: RHB Lonnie Anderson 0-0: Foul Ball, location: 2F
0-1: Called Strike
0-2: Ball
1-2: SINGLE (Groundball, 6MS) (infield hit)
Batting: SHB Marvin Harris 0-0: Ball
1-0: Ball
2-0: DOUBLE (Line Drive, 7LM)
Lonnie Anderson to third
Runner from 3rd tries for Home, SAFE, no throw
Batting: RHB Felipe Rodríguez 0-0: Foul Ball, location: 2F
0-1: Called Strike
0-2: Strikes out swinging
Top of the 6th over - 1 run, 2 hits, 0 errors, 1 left on base; New York 8 - San Francisco 4
BOTTOM OF THE 6TH
San Francisco Bandits batting - Pitching for New York Knights : LHP Phil Davis
Pitching: RHP Steve Poe
Batting: LHB Chris Austin 0-0: Called Strike
0-1: Ball
1-1: Swinging Strike
1-2: Fly out, F8 (Flyball, 8RM)
Batting: RHB Javier Ramírez 0-0: Called Strike
0-1: Ball
1-1: Ground out U3 (Groundball, 34S)
Batting: LHB Anacleto Morillo 0-0: Called Strike
0-1: Ball
1-1: Swinging Strike
1-2: Ball
2-2: Strikes out swinging
Bottom of the 6th over - 0 runs, 0 hits, 0 errors, 0 left on base; New York 8 - San Francisco 4
TOP OF THE 7TH
New York Knights batting - Pitching for San Francisco Bandits : RHP Alfonso Martínez
Batting: RHB Steve Sampson 0-0: Ball
1-0: Foul Ball, location: 2F
1-1: Swinging Strike
1-2: Ball
2-2: Strikes out swinging
Batting: LHB Marcos Pérez 0-0: Ball
1-0: Foul Ball, location: 2F
1-1: Ground out 4-3 (Groundball, 4)
Batting: RHB Jacob Pope 0-0: Called Strike
0-1: Ground out 4-3 (Groundball, 4)
Top of the 7th over - 0 runs, 0 hits, 0 errors, 0 left on base; New York 8 - San Francisco 4
BOTTOM OF THE 7TH
San Francisco Bandits batting - Pitching for New York Knights : RHP Steve Poe
Batting: LHB Alan McGilroy 0-0: Called Strike
0-1: Ball
1-1: Fly out, F9 (Flyball, 9LS)
Batting: RHB Naomichi Aoki 0-0: Called Strike
0-1: Ball
1-1: Ball
2-1: Called Strike
2-2: Foul Ball, location: 2F
2-2: Strikes out swinging
Batting: RHB José Hernández 0-0: DOUBLE (Flyball, 8RXD)
Batting: RHB Scott Merritt 0-0: Called Strike
0-1: Ball
1-1: Foul Ball, location: 2F
1-2: Strikes out swinging
Bottom of the 7th over - 0 runs, 1 hit, 0 errors, 1 left on base; New York 8 - San Francisco 4
TOP OF THE 8TH
New York Knights batting - Pitching for San Francisco Bandits : RHP Alfonso Martínez
Batting: LHB Warren Potter 0-0: Called Strike
0-1: SINGLE (Flyball, 7S)
Batting: RHB Pepe Carrasco 0-0: Ball
1-0: Swinging Strike
1-1: Ground out U3 (Groundball, 34S)
Warren Potter to second
Pitching: RHP Carlos Ledezma
Batting: RHB Vic Langlois 0-0: Called Strike
0-1: Foul Ball, location: 2F
0-2: SINGLE (Groundball, 6MD)
Warren Potter to third
Runner from 3rd tries for Home, SAFE, throw made home
Batting: RHB Lonnie Anderson 0-0: Ball
1-0: Called Strike
1-1: 2-RUN HOME RUN (Flyball, 7D), Distance : 375 ft
Batting: SHB Marvin Harris 0-0: Ball
1-0: Foul Ball, location: 2F
1-1: Fly out, F8 (Flyball, 78D)
Batting: RHB Felipe Rodríguez 0-0: Ball
1-0: Ground out 4-3 (Groundball, 4)
Top of the 8th over - 3 runs, 3 hits, 0 errors, 0 left on base; New York 11 - San Francisco 4
BOTTOM OF THE 8TH
San Francisco Bandits batting - Pitching for New York Knights : RHP Steve Poe
Batting: RHB Owen Carter 0-0: Called Strike
0-1: Foul Ball, location: 2F
0-2: Strikes out looking
Batting: RHB Michael Elliott 0-0: SINGLE (Line Drive, 6MD)
Batting: LHB Chris Austin 0-0: Fly out, F7 (Flyball, 7S)
Batting: RHB Javier Ramírez 0-0: Foul Ball, location: 2F
0-1: Swinging Strike
0-2: Foul Ball, location: 2F
0-2: Ball
1-2: Foul Ball, location: 2F
1-2: Strikes out looking
Bottom of the 8th over - 0 runs, 1 hit, 0 errors, 1 left on base; New York 11 - San Francisco 4
TOP OF THE 9TH
New York Knights batting - Pitching for San Francisco Bandits : RHP Carlos Ledezma
Pitching: RHP Kunihiko Daikawa
Batting: RHB Steve Sampson 0-0: Called Strike
0-1: Ball
1-1: Foul Ball, location: 2F
1-2: Strikes out swinging, 2-3 out at first.
Batting: LHB Marcos Pérez 0-0: Ball
1-0: Ball
2-0: Foul Ball, location: 2F
2-1: Ball
3-1: Fly out, F8 (Flyball, 8RD)
Batting: RHB Jacob Pope 0-0: Called Strike
0-1: Foul Ball, location: 2F
0-2: Ball
1-2: Ball
2-2: SINGLE (Groundball, 56D)
Batting: LHB Warren Potter 0-0: Ball
Jacob Pope steals 2nd base
1-0: Swinging Strike
1-1: Swinging Strike
1-2: Ball
2-2: Ball
3-2: Fly out, F5 (Line Drive, 56)
Top of the 9th over - 0 runs, 1 hit, 0 errors, 1 left on base; New York 11 - San Francisco 4
BOTTOM OF THE 9TH
San Francisco Bandits batting - Pitching for New York Knights : RHP Steve Poe
Batting: LHB Anacleto Morillo 0-0: Ball
1-0: Ball
2-0: Ground out 6-3 (Groundball, 6)
Batting: LHB Alan McGilroy 0-0: Called Strike
0-1: Ball
1-1: Fly out, F5 (Popup, 5SF)
Batting: RHB Naomichi Aoki 0-0: Ball
1-0: Called Strike
1-1: Called Strike
1-2: Ground out 6-3 (Groundball, 56)
Bottom of the 9th over - 0 runs, 0 hits, 0 errors, 0 left on base; New York 11 - San Francisco 4
Saturday, December 16th, 2017 - OOTP Baseball 18.8 Build 76